 Dungeon Crawl Stone Soup version 0.29.1-1-gd02db6906a (webtiles) character file.

Game seed: 13333956659298810892

27 groovy9 the Caller (level 2, 10/15 HPs)
             Began as a Deep Elf Summoner on Sept 15, 2022.
             Quit the game on level 2 of the Dungeon.
             The game lasted 00:05:44 (1229 turns).

groovy9 the Caller (Deep Elf Summoner)              Turns: 1229, Time: 00:05:45

Health: 10/15      AC:  2    Str:  5    XL:     2   Next: 93%
Magic:  0/8        EV: 12    Int: 19    God:
Gold:   62         SH:  0    Dex: 15    Spells: 5/8 levels left

rFire   . . .      SeeInvis .   d - +3 mace (protect)
rCold   . . .      Faith    .   (no shield)
rNeg    . . .      Spirit   .   a - +0 robe
rPois   .          Reflect  .   (no helmet)
rElec   .          Harm     .   (no cloak)
rCorr   .          Rampage  .   (no gloves)
Will    .....                   (no boots)
Stlth   ++........              (no amulet)
HPRegen 0.05/turn               (no ring)
MPRegen 0.11/turn               (no ring)

@: no status effects
A: no striking features
a: no special abilities


You were on level 2 of the Dungeon.
You visited 1 branch of the dungeon, and saw 2 of its levels.

You collected 62 gold pieces.

Inventory:

Hand Weapons
 d - a +3 mace of protection (weapon)
Armour
 a - a +0 robe (worn)
Scrolls
 c - a scroll of identify {unknown}
 f - 2 scrolls of teleportation {unknown}
 g - a scroll of fear {unknown}
 h - a scroll of blinking {unknown}
 i - a scroll of butterflies {unknown}
 j - a scroll of immolation {unknown}
 m - a scroll of vulnerability {unknown}
Potions
 b - a potion of magic
 e - a potion of flight {unknown}
 k - a potion of curing {unknown}
 l - 2 potions of haste {unknown}


   Skills:
 + Level 1.0 Maces & Flails
 - Level 2.4 Dodging
 - Level 2.4 Stealth
 + Level 3.6 Spellcasting
 + Level 4.7 Summonings


You had 5 spell levels left.
You knew the following spells:

 Your Spells              Type           Power      Damage    Failure   Level
a - Summon Small Mammal   Summ           84%        N/A       1%          1
b - Call Imp              Summ           21%        N/A       3%          2

Your spell library contained the following spells:

 Spells                   Type           Power      Damage    Failure   Level
 Call Canine Familiar     Summ           21%        N/A       6%          3
 Apportation              Tloc           6%         N/A       14%         1
 Necrotise                Necr           12%        1d4       14%         1
 Summon Guardian Golem    Hex/Summ       12%        N/A       16%         3
 Ozocubu's Armour         Ice            3%         N/A       38%         3
 Summon Lightning Spire   Summ/Air       12%        N/A       47%         4
 Ozocubu's Refrigeration  Ice            1%         4d7       100%        7


Dungeon Overview and Level Annotations

Branches:
Dungeon (2/15)

Altars:

Annotations:
D:2 Robin


Message History

You sock the goblin!
You kill the goblin!
Your quokka closely misses Robin.
Robin roars a battlecry!
The goblin goes into a battle-frenzy!
The goblin closely misses you.
Your quokka barely misses Robin.
Your Maces & Flails skill increases to level 1!
You swap places.
The goblin hits your crimson imp with a +0 dagger.
Robin says, "Feeling lonely?"
Robin hits your quokka with a +2 mace of draining.
Robin drains your quokka.
Your quokka dies!
Your quokka's corpse disappears in a puff of smoke!
Your crimson imp blinks!
Things that are here:
a +0 dagger; a +0 dagger; a goblin corpse
Casting: Summon Small Mammal (safe; 1% risk of failure)
Confirm with . or Enter, or press ? or * to list all spells.
A beastly little devil appears in a puff of flame.
Your crimson imp disappears in a puff of smoke!
The goblin hits your crimson imp with a +0 dagger.
Casting: Call Imp (safe; 3% risk of failure)
Confirm with . or Enter, or press ? or * to list all spells.
The goblin hits your crimson imp with a +0 dagger.
Robin roars a battlecry!
Your crimson imp hits the goblin.
The goblin dies!
Your crimson imp hits Robin but does no damage.
You swap places.
Robin misses your crimson imp.
Your crimson imp hits Robin.
Robin hits your crimson imp with a +2 mace of draining!
Your crimson imp blinks!
The goblin misses your crimson imp.
Robin hits your crimson imp with a +2 mace of draining!
Your crimson imp dies!
Your crimson imp disappears in a puff of smoke!
Robin hits your rat with a +2 mace of draining!
Your rat dies!
Your rat's corpse disappears in a puff of smoke!
Are you sure you want to abandon this character and quit the game? (Confirm with "yes".)

.g..g8#.#
.g.gg.'ยง#
#g# #g#
#.# #.#
###)#
#+####gg.#
#.@.g.g###
########


You could see Robin, a hobgoblin (strong) and 2 goblins.

Vanquished Creatures
  A hobgoblin (D:2)
  A ball python (D:1)
  2 goblins (D:2)
4 creatures vanquished.

Vanquished Creatures (collateral kills)
  A dart slug (D:2)
  A ball python (D:2)
  3 giant cockroaches
  4 goblins (D:2)
  A hobgoblin (D:2)
  2 kobolds (D:2)
  3 bats (D:2)
  A frilled lizard (D:1)
  2 rats
18 creatures vanquished.

Grand Total: 22 creatures vanquished

Notes
Turn   | Place    | Note
-------+----------+-------------------------------------------
     0 | D:1      | groovy9 the Deep Elf Summoner began the quest for the Orb.
     0 | D:1      | Reached XP level 1. HP: 10/10 MP: 6/6
   966 | D:2      | Reached XP level 2. HP: 12/15 MP: 5/8
  1097 | D:2      | Learned a level 2 spell: Call Imp
  1186 | D:2      | Noticed Robin
  1220 | D:2      | Reached skill level 1 in Maces & Flails
  1229 | D:2      | Quit the game

Illustrated notes

Levels and vault maps discovered:
D:1:      dpeg_arrival_water_fire, layout_basic, kennysheep_another_room,
          chequers_big_river
D:2:      layout_rooms, basic_ecumenical_altar, dk_noncrumbling_4,
          kennysheep_generic_room_3, uniq_robin

Skill      XL: |  1  2 |
---------------+-------+-----
Maces & Flails | 1 |  1.0
Dodging        | |  2.4
Stealth        | |  2.4
Spellcasting   | |  3.6
Summonings     | |  4.7

Action                   || total
-------------------------++-------
Melee: Mace              ||     9
 Cast: Summon Small Mamm ||    25
       Call Imp          ||     5
Armor: Robe              ||     8
Dodge: Dodged            ||    16
